HSSL
SPANISH FORK HS @ INDIANAPOLIS HS CHAOS
05/10/2028
 
TOP OF THE 1ST
Spanish Fork HS batting - Pitching for Indianapolis HS Chaos : RHP Jeffrey Weeks
Pitching: RHP Jeffrey Weeks
Batting: RHB River Sullivan 0-0: Called Strike
0-1: Ground out 3-1 (Groundball, 3D)
Batting: RHB Thad Bauer 0-0: Ball
1-0: Swinging Strike
1-1: Foul Ball, location: 2F
1-2: Foul Ball, location: 2F
1-2: Strikes out swinging
Batting: RHB John Arnold 0-0: Foul Ball, location: 2F
0-1: Foul Ball, location: 2F
0-2: Ball
1-2: Foul Ball, location: 2F
1-2: Ball
2-2: Foul Ball, location: 2F
2-2: Foul Ball, location: 2F
2-2: Ball
3-2: Ground out 6-3 (Groundball, 6)
Top of the 1st over - 0 run(s), 0 hit(s), 0 error(s), 0 left on base; Spanish Fork HS 0 - Indianapolis HS 0
BOTTOM OF THE 1ST
Indianapolis HS Chaos batting - Pitching for Spanish Fork HS : RHP Juan Berrera
Pitching: RHP Juan Berrera
Batting: RHB Héctor Núñez 0-0: Ground out 6-3 (Groundball, 6)
Batting: LHB Chris Russell 0-0: Foul Ball, location: 2F
0-1: Ball
1-1: SOLO HOME RUN (Flyball, 9LD), Distance : 321 ft
Batting: RHB Bryan Reed 0-0: Foul Ball, location: 2F
0-1: SINGLE (Line Drive, 8RS)
Batting: RHB Andy Norris 0-0: Ball
1-0: Swinging Strike
1-1: Ball
2-1: Ball
3-1: Base on Balls
Bryan Reed to second
Batting: LHB William Morgan 0-0: Called Strike
0-1: Reached on error, E6 (Groundball, 6)
Bryan Reed to third
Andy Norris to second
Batting: RHB Brian Carriaga 0-0: Foul Ball, location: 2F
0-1: Fielders Choice at 2nd, 6-4 (Groundball, 6)
Bryan Reed scores
Andy Norris to third
Batting: SHB Jimmy Bullock 0-0: Ball
1-0: Ball
2-0: Called Strike
2-1: Ball
3-1: Called Strike
3-2: Foul Ball, location: 2F
3-2: Foul Ball, location: 2F
3-2: Base on Balls
Brian Carriaga to second
Batting: RHB António Solís 0-0: Called Strike
0-1: Ball
Wild Pitch!
Andy Norris scores
Brian Carriaga to third
Jimmy Bullock to second
1-1: Ball
2-1: Ball
3-1: Base on Balls
Batting: RHB Warren Norton 0-0: Ground out 1-3 (Groundball, 13)
Bottom of the 1st over - 3 run(s), 2 hit(s), 1 error(s), 3 left on base; Spanish Fork HS 0 - Indianapolis HS 3
TOP OF THE 2ND
Spanish Fork HS batting - Pitching for Indianapolis HS Chaos : RHP Jeffrey Weeks
Batting: RHB Geoffrey Billings 0-0: Ball
1-0: Foul Ball, location: 2F
1-1: Foul Ball, location: 2F
1-2: Ball
2-2: Strikes out swinging
Batting: RHB David Brady 0-0: Ball
1-0: Called Strike
1-1: SINGLE (Line Drive, 78M)
Batting: RHB Thomas Hollis 0-0: Ball
1-0: Called Strike
1-1: DOUBLE (Line Drive, 78D)
David Brady to third
Runner from 3rd tries for Home, SAFE, throw made home
Batting: LHB Carl Ríos 0-0: Ball
1-0: Called Strike
1-1: Ball
2-1: Ball
3-1: SINGLE (Groundball, 4) (infield hit)
Thomas Hollis to third
Batting: SHB Iván Flores 0-0: Called Strike
0-1: Ball
1-1: Ball
2-1: Foul Ball, location: 2F
2-2: Ball
3-2: Strikes out swinging
Batting: RHB Michael MacDonald 0-0: Ball
1-0: Fly out, F9 (Flyball, 9)
Top of the 2nd over - 1 run(s), 3 hit(s), 0 error(s), 2 left on base; Spanish Fork HS 1 - Indianapolis HS 3
BOTTOM OF THE 2ND
Indianapolis HS Chaos batting - Pitching for Spanish Fork HS : RHP Juan Berrera
Batting: RHB Héctor Núñez 0-0: Ball
1-0: Ball
2-0: Called Strike
2-1: Foul Ball, location: 2F
2-2: Strikes out swinging
Batting: LHB Chris Russell 0-0: Foul Ball, location: 2F
0-1: Ball
1-1: Ball
2-1: Swinging Strike
2-2: Foul Ball, location: 2F
2-2: Foul Ball, location: 2F
2-2: Ball
3-2: Base on Balls
Batting: RHB Bryan Reed 0-0: Ball
1-0: Ball
2-0: Fly out, F8 (Flyball, 8RM)
Batting: RHB Andy Norris 0-0: Ball
1-0: Called Strike
1-1: Fielders Choice at 2nd, 6-4 (Groundball, 6)
Bottom of the 2nd over - 0 run(s), 0 hit(s), 0 error(s), 0 left on base; Spanish Fork HS 1 - Indianapolis HS 3
TOP OF THE 3RD
Spanish Fork HS batting - Pitching for Indianapolis HS Chaos : RHP Jeffrey Weeks
Batting: RHB River Sullivan 0-0: Ball
1-0: Foul Ball, location: 2F
1-1: Ball
2-1: Ball
3-1: Foul Ball, location: 2F
3-2: Foul Ball, location: 2F
3-2: SINGLE (Groundball, 56D)
Batting: RHB Thad Bauer 0-0: Ball
River Sullivan steals 2nd base
1-0: Ball
2-0: Swinging Strike
2-1: Ball
3-1: Fly out, F9 (Flyball, 89S)
Batting: RHB John Arnold 0-0: Ball
1-0: Called Strike
1-1: Ball
2-1: Ball
3-1: Called Strike
3-2: Strikes out swinging
Batting: RHB Geoffrey Billings 0-0: Called Strike
0-1: Ball
1-1: Foul Ball, location: 2F
1-2: Foul Ball, location: 2F
1-2: Ball
2-2: Strikes out swinging
Top of the 3rd over - 0 run(s), 1 hit(s), 0 error(s), 1 left on base; Spanish Fork HS 1 - Indianapolis HS 3
BOTTOM OF THE 3RD
Indianapolis HS Chaos batting - Pitching for Spanish Fork HS : RHP Juan Berrera
Batting: LHB William Morgan 0-0: Called Strike
0-1: Ball
1-1: Called Strike
1-2: Foul Ball, location: 2F
1-2: Ball
2-2: Ball
3-2: Strikes out looking
Batting: RHB Brian Carriaga 0-0: Ball
1-0: Ball
2-0: Ball
3-0: Base on Balls
Batting: SHB Jimmy Bullock 0-0: Ball
1-0: Ball
2-0: Called Strike
2-1: Fly out, F9 (Flyball, 9S)
Batting: RHB António Solís 0-0: Ball
1-0: Ball
2-0: Ball
3-0: Base on Balls
Brian Carriaga to second
Batting: RHB Warren Norton 0-0: Fly out, F9 (Line Drive, 9LM)
Bottom of the 3rd over - 0 run(s), 0 hit(s), 0 error(s), 2 left on base; Spanish Fork HS 1 - Indianapolis HS 3
TOP OF THE 4TH
Spanish Fork HS batting - Pitching for Indianapolis HS Chaos : RHP Jeffrey Weeks
Batting: RHB David Brady 0-0: Ball
1-0: Foul Ball, location: 2F
1-1: Ball
2-1: Foul Ball, location: 2F
2-2: Fly out, F8 (Flyball, 8RM)
Batting: RHB Thomas Hollis 0-0: Swinging Strike
0-1: Swinging Strike
0-2: Strikes out swinging
Batting: LHB Carl Ríos 0-0: Ball
1-0: SINGLE (Flyball, 8LM)
Batting: SHB Iván Flores 0-0: Ball
1-0: Ball
2-0: Fly out, F8 (Line Drive, 78S)
Top of the 4th over - 0 run(s), 1 hit(s), 0 error(s), 1 left on base; Spanish Fork HS 1 - Indianapolis HS 3
BOTTOM OF THE 4TH
Indianapolis HS Chaos batting - Pitching for Spanish Fork HS : RHP Juan Berrera
Batting: RHB Héctor Núñez 0-0: Called Strike
0-1: Foul Ball, location: 2F
0-2: Strikes out looking
Batting: LHB Chris Russell 0-0: Swinging Strike
0-1: Swinging Strike
0-2: Foul Ball, location: 2F
0-2: Fly out, F7 (Flyball, 78M)
Batting: RHB Bryan Reed 0-0: Swinging Strike
0-1: Ball
1-1: Called Strike
1-2: Ground out 5-3 (Groundball, 56)
Bottom of the 4th over - 0 run(s), 0 hit(s), 0 error(s), 0 left on base; Spanish Fork HS 1 - Indianapolis HS 3
TOP OF THE 5TH
Spanish Fork HS batting - Pitching for Indianapolis HS Chaos : RHP Jeffrey Weeks
Batting: RHB Michael MacDonald 0-0: Foul Ball, location: 2F
0-1: Foul Ball, location: 2F
0-2: SINGLE (Line Drive, 4MD)
Pitching: LHP Michael Jones
Batting: RHB River Sullivan 0-0: Ball
1-0: Ball
2-0: Foul Ball, location: 2F
2-1: Ball
3-1: Called Strike
3-2: 2-RUN HOME RUN (Flyball, 7D), Distance : 355 ft
Batting: RHB Thad Bauer 0-0: Called Strike
0-1: Called Strike
0-2: Ball
1-2: SINGLE (Line Drive, 89S)
Batting: RHB John Arnold 0-0: Ball
1-0: Ball
2-0: Foul Ball, location: 2F
2-1: Fly out, F8 (Line Drive, 8RS)
Batting: RHB Geoffrey Billings 0-0: Ball
1-0: Called Strike
1-1: Ball
2-1: Called Strike
2-2: Ball
3-2: Foul Ball, location: 2F
3-2: Base on Balls
Thad Bauer to second
Batting: RHB David Brady 0-0: Called Strike
0-1: Ball
1-1: Swinging Strike
1-2: Ball
2-2: Strikes out looking
Batting: RHB Thomas Hollis 0-0: Swinging Strike
0-1: Called Strike
0-2: Foul Ball, location: 2F
0-2: Ball
1-2: Strikes out swinging
Top of the 5th over - 2 run(s), 3 hit(s), 0 error(s), 2 left on base; Spanish Fork HS 3 - Indianapolis HS 3
BOTTOM OF THE 5TH
Indianapolis HS Chaos batting - Pitching for Spanish Fork HS : RHP Juan Berrera
Batting: RHB Andy Norris 0-0: Ball
1-0: Foul Ball, location: 2F
1-1: Ball
2-1: Ball
3-1: Base on Balls
Pitching: LHP Fred Spurr
Batting: LHB William Morgan 0-0: SINGLE (Line Drive, 8LS)
Andy Norris to second
Batting: RHB Brian Carriaga 0-0: Called Strike
0-1: Foul Ball, location: 2F
0-2: 3-RUN HOME RUN (Flyball, 8LXD), Distance : 416 ft
Batting: SHB Jimmy Bullock 0-0: Ball
1-0: Called Strike
1-1: Ball
2-1: Ball
3-1: Foul Ball, location: 2F
3-2: Strikes out swinging
Batting: RHB António Solís 0-0: SOLO HOME RUN (Flyball, 78XD), Distance : 382 ft
Batting: RHB Warren Norton 0-0: Called Strike
0-1: Ball
1-1: Foul Ball, location: 2F
1-2: Foul Ball, location: 2F
1-2: SINGLE (Groundball, 6) (infield hit)
Batting: RHB Héctor Núñez 0-0: Grounds into double play, 5-4-3 (Groundball, 56)
Bottom of the 5th over - 4 run(s), 4 hit(s), 0 error(s), 0 left on base; Spanish Fork HS 3 - Indianapolis HS 7
TOP OF THE 6TH
Spanish Fork HS batting - Pitching for Indianapolis HS Chaos : LHP Michael Jones
Batting: LHB Carl Ríos 0-0: Called Strike
0-1: Fly out, F7 (Flyball, 7LS)
Pitching: RHP Denny Herbert
Batting: SHB Iván Flores 0-0: Ball
1-0: Foul Ball, location: 2F
1-1: Foul Ball, location: 2F
1-2: Foul Ball, location: 2F
1-2: Strikes out swinging
Batting: RHB Michael MacDonald 0-0: Called Strike
0-1: Fly out, F7 (Flyball, 7S)
Top of the 6th over - 0 run(s), 0 hit(s), 0 error(s), 0 left on base; Spanish Fork HS 3 - Indianapolis HS 7
BOTTOM OF THE 6TH
Indianapolis HS Chaos batting - Pitching for Spanish Fork HS : LHP Fred Spurr
Pitching: RHP Jason Lawson
Batting: LHB Chris Russell 0-0: Ball
1-0: Ball
2-0: SINGLE (Groundball, 3D)
Batting: RHB Bryan Reed 0-0: Fielders Choice at 2nd, 1-6 (Groundball, 13)
Batting: RHB Andy Norris 0-0: Ball
1-0: Ball
2-0: Foul Ball, location: 2F
2-1: Grounds into double play, 6-4-3 (Groundball, 6)
Bottom of the 6th over - 0 run(s), 1 hit(s), 0 error(s), 0 left on base; Spanish Fork HS 3 - Indianapolis HS 7
TOP OF THE 7TH
Spanish Fork HS batting - Pitching for Indianapolis HS Chaos : RHP Denny Herbert
Batting: RHB River Sullivan 0-0: Called Strike
0-1: Foul Ball, location: 2F
0-2: Ball
1-2: Strikes out swinging
Batting: RHB Thad Bauer 0-0: Swinging Strike
0-1: Swinging Strike
0-2: Ball
1-2: Ball
2-2: Strikes out swinging
Batting: RHB John Arnold 0-0: Ball
1-0: Called Strike
1-1: Foul Ball, location: 2F
1-2: Ball
2-2: Ball
3-2: Foul Ball, location: 2F
3-2: SINGLE (Groundball, 56D)
Batting: RHB Geoffrey Billings 0-0: Called Strike
0-1: Ball
1-1: Called Strike
1-2: Ball
2-2: Foul Ball, location: 2F
2-2: Foul Ball, location: 2F
2-2: Ball
3-2: Fly out, F7 (Line Drive, 7)
Top of the 7th over - 0 run(s), 1 hit(s), 0 error(s), 1 left on base; Spanish Fork HS 3 - Indianapolis HS 7
BOTTOM OF THE 7TH
Indianapolis HS Chaos batting - Pitching for Spanish Fork HS : RHP Jason Lawson
Batting: LHB William Morgan 0-0: Fly out, F8 (Flyball, 8LM)
Batting: RHB Brian Carriaga 0-0: Ball
1-0: Ground out 3-1 (Groundball, 34S)
Batting: SHB Jimmy Bullock 0-0: Swinging Strike
0-1: Foul Ball, location: 2F
0-2: Strikes out looking
Bottom of the 7th over - 0 run(s), 0 hit(s), 0 error(s), 0 left on base; Spanish Fork HS 3 - Indianapolis HS 7
TOP OF THE 8TH
Spanish Fork HS batting - Pitching for Indianapolis HS Chaos : RHP Denny Herbert
Batting: RHB David Brady 0-0: Called Strike
0-1: Foul Ball, location: 2F
0-2: Foul Ball, location: 2F
0-2: Foul Ball, location: 2F
0-2: Foul Ball, location: 2F
0-2: Ball
1-2: Ball
2-2: Ball
3-2: Foul Ball, location: 2F
3-2: Foul Ball, location: 2F
3-2: SINGLE (Groundball, 6D)
Pitching: RHP David Alomar
Batting: RHB Thomas Hollis 0-0: Ball
1-0: Ball
2-0: Foul Ball, location: 2F
2-1: Foul Ball, location: 2F
2-2: Strikes out looking
Batting: LHB Carl Ríos 0-0: Called Strike
0-1: Swinging Strike
0-2: Foul Ball, location: 2F
0-2: Ball
1-2: Ball
2-2: Strikes out swinging
Batting: SHB Iván Flores 0-0: Swinging Strike
0-1: Ball
1-1: Ball
2-1: Ball
3-1: Called Strike
3-2: Base on Balls
David Brady to second
Batting: RHB Michael MacDonald 0-0: Called Strike
0-1: Swinging Strike
0-2: Foul Ball, location: 2F
0-2: Ball
1-2: SINGLE (Groundball, 4S) (infield hit)
David Brady to third
Iván Flores to second
Batting: RHB River Sullivan 0-0: Ball
1-0: Called Strike
1-1: Foul Ball, location: 2F
1-2: Foul Ball, location: 2F
1-2: Strikes out swinging
Top of the 8th over - 0 run(s), 2 hit(s), 0 error(s), 3 left on base; Spanish Fork HS 3 - Indianapolis HS 7
BOTTOM OF THE 8TH
Indianapolis HS Chaos batting - Pitching for Spanish Fork HS : RHP Jason Lawson
Batting: RHB António Solís 0-0: SINGLE (Groundball, 34D)
Batting: RHB Warren Norton 0-0: Sac Bunt - play at first, batter OUT! 1-3
António Solís to second
Batting: RHB Héctor Núñez 0-0: SINGLE (Groundball, 6MD)
António Solís to third
Runner from 3rd tries for Home, SAFE, throw made home
Batting: LHB Chris Russell 0-0: Ball
1-0: Foul Ball, location: 2F
1-1: Foul Ball, location: 2F
1-2: Foul Ball, location: 2F
1-2: Foul Ball, location: 2F
1-2: Strikes out swinging
Batting: RHB Bryan Reed 0-0: Ball
1-0: Called Strike
1-1: 2-RUN HOME RUN (Flyball, 7D), Distance : 363 ft
Batting: RHB Andy Norris 0-0: Ball
1-0: Ground out 6-3 (Groundball, 6)
Bottom of the 8th over - 3 run(s), 3 hit(s), 0 error(s), 0 left on base; Spanish Fork HS 3 - Indianapolis HS 10
TOP OF THE 9TH
Spanish Fork HS batting - Pitching for Indianapolis HS Chaos : RHP David Alomar
Batting: RHB Thad Bauer 0-0: Ground out 6-3 (Groundball, 6M)
Batting: RHB John Arnold 0-0: Called Strike
0-1: TRIPLE (Line Drive, 89D)
Batting: RHB Geoffrey Billings 0-0: Ball
1-0: Called Strike
1-1: Ball
2-1: Foul Ball, location: 2F
2-2: Fly out, F7 (Flyball, 7LM)
Runner from 3rd tags up, SCORES, no throw
Batting: RHB David Brady 0-0: Called Strike
0-1: Ball
1-1: Ball
2-1: Ball
3-1: Foul Ball, location: 2F
3-2: Ground out 4-3 (Groundball, 4)
Top of the 9th over - 1 run(s), 1 hit(s), 0 error(s), 0 left on base; Spanish Fork HS 4 - Indianapolis HS 10
Tuesday, August 8th, 2017 - OOTP Baseball 17.12 Build 75